 Dungeon Crawl Stone Soup version 0.30-a0-626-gd6a5dd7a1f (webtiles) character file.

Game seed: 4972693902360456974

298 night the Shooter (level 6, -3/37 HPs)
             Began as a Tengu Hunter on Jan 11, 2023.
             Was an Initiate of Hepliaklqana.
             Slain by a black bear (4 damage)
             ... on level 5 of the Dungeon.
             The game lasted 00:06:43 (3493 turns).

night the Shooter (Tengu Hunter)                    Turns: 3493, Time: 00:06:44

Health: -3/37      AC:  3    Str: 12    XL:     6   Next: 36%
Magic:  7/7        EV: 16    Int:  9    God:    Hepliaklqana [......]
Gold:   227        SH:  0    Dex: 19    Spells: 5/5 levels left

rFire   . . .      SeeInvis .    a - +1 shortbow
rCold   . . .      Faith    .    (shield currently unavailable)
rNeg    . . .      Spirit   .    c - +0 leather armour
rPois   .          Reflect  .    (helmet restricted)
rElec   .          Harm     .    (no cloak)
rCorr   +          Rampage  .    (no gloves)
Will    .....                    (boots unavailable)
Stlth   ++                       (no amulet)
HPRegen 0.26/turn                f - ring of resist corrosion
MPRegen 0.10/turn                (no ring)

@: flying quickly and evasively, hasted, very quick
A: beak, talons 3, nimble flight
a: Renounce Religion


You were on level 5 of the Dungeon.
You worshipped Hepliaklqana.
Hepliaklqana was noncommittal.
You visited 2 branches of the dungeon, and saw 6 of its levels.

You collected 227 gold pieces.

Inventory:

Hand Weapons
 a - a +1 shortbow (weapon)
 p - a +3 dagger
 r - a +0 great sword
Missiles
 d - 52 stones
 e - 7 poisoned darts
 h - 6 javelins
Armour
 c - a +0 leather armour (worn)
Jewellery
 f - a ring of resist corrosion (left hand)
Wands
 t - a wand of flame (4)
Scrolls
 b - 2 scrolls of immolation
 q - a scroll of identify
 s - 2 scrolls of teleportation
 w - a scroll of magic mapping
Potions
 g - 2 potions of curing {unknown}
 i - a potion of attraction {unknown}
 j - a potion of brilliance {unknown}
 k - a potion of lignification {unknown}
 l - 2 potions of haste
 m - a potion of cancellation {unknown}
 n - a potion of mutation {unknown}
 o - a potion of berserk rage {unknown}
 v - a potion of heal wounds {unknown}


   Skills:
 + Level 3.6 Fighting
 * Level 6.5 Ranged Weapons
 + Level 4.0 Dodging
 - Level 1.0 Stealth


You had 5 spell levels left.
You didn't know any spells.
Your spell library contained the following spells:

 Spells                   Type           Power      Damage    Failure   Level
 Ensorcelled Hibernation  Hex/Ice        0%         N/A       61%         2
 Poisonous Vapours        Pois/Air       0%         N/A       61%         2
 Static Discharge         Conj/Air       0%         2-2/arc   61%         2
 Spider Form              Tmut/Pois      0%         N/A       83%         3
 Swiftness                Air            0%         N/A       83%         3
 Vhi's Electric Charge    Tloc/Air       0%         N/A       83%         3
 Anguish                  Hex/Necr       0%         N/A       99%         4
 Arcjolt                  Conj/Air       0%         1d10      100%        5
 Borgnjor's Vile Clutch   Necr/Erth      0%         N/A       100%        5
 Lightning Bolt           Conj/Air       0%         1d11      100%        5


Dungeon Overview and Level Annotations

Branches:
Dungeon (5/15)             Temple (1/1) D:4

Altars:
Ashenzari
Dithmenos
Elyvilon
Fedhas
Gozag
Hepliaklqana
Kikubaaqudgha
Makhleb
Nemelex Xobeh
Qazlal
Ru
Sif Muna
Trog
Uskayaw
Vehumet
Wu Jian
Xom
Yredelemnul
Zin

Annotations:
D:5 Sigmund


Innate Abilities, Weirdness & Mutations

You have a beak for a mouth.
You have claws for feet.
Your magical nature lets you fly swiftly and evasively.


Message History

The jelly moves out of view.
A black bear comes into view.
The black bear growls angrily.
You shoot an arrow. The arrow hits the black bear!
The black bear is heavily wounded.
You shoot an arrow. The arrow hits the black bear!
The black bear is severely wounded.
Sigmund the Dreaded comes into view.
He is wielding a +0 scythe.
You shoot an arrow. The arrow hits the black bear.
The black bear is almost dead.
The black bear goes berserk!
You shoot an arrow. The arrow hits the black bear.
The black bear is almost dead.
A jelly comes into view.
The black bear attacks as you move away!
The black bear bites you. The black bear closely misses you.
The black bear claws you.
Sigmund gestures wildly while chanting.
Sigmund flickers and vanishes!
Deactivating autopickup; reactivate with Ctrl-A.
You shoot an arrow. The arrow barely misses the black bear.
The black bear misses you. The black bear completely misses you.
The black bear closely misses you. The black bear barely misses you.
The black bear claws you. x2
You shoot an arrow.
The arrow hits the black bear but does no damage.
The black bear is almost dead.
The black bear bites you!
* * * LOW HITPOINT WARNING * * *
The black bear completely misses you. The black bear claws you.
* * * LOW HITPOINT WARNING * * *
The black bear bites you.
* * * LOW HITPOINT WARNING * * *
The black bear claws you.
* * * LOW HITPOINT WARNING * * *
The black bear barely misses you.
Okay, then.
You feel yourself speed up. The black bear misses you.
The black bear barely misses you. The black bear claws you.
You die...

...............
..............#
..............#
..............#
...............
...............
#............$.
##....Jh##.....
##....@## ....
##.....## ...
##.....#.....
##..<.......
#..........
#..........
#.........#
#........##
.........#


You could see a black bear (berserk) and a jelly.

Vanquished Creatures
  A scorpion (D:4)
  An orc priest (D:4)
  2 iguanas (D:4)
  3 gnolls (D:4)
  5 adders
  A worm (D:2)
  A dart slug (D:2)
  5 orcs (D:4)
  12 ball pythons
  9 endoplasms
  9 goblins
  6 hobgoblins
  5 jackals
  4 quokkas
  8 bats
  5 frilled lizards
  2 kobolds
  3 rats
82 creatures vanquished.

Notes
Turn   | Place    | Note
-------+----------+-------------------------------------------
     0 | D:1      | night the Tengu Hunter began the quest for the Orb.
     0 | D:1      | Reached XP level 1. HP: 12/12 MP: 2/2
   273 | D:1      | Reached XP level 2. HP: 17/17 MP: 3/3
   742 | D:2      | Reached skill level 5 in Ranged Weapons
   742 | D:2      | Reached XP level 3. HP: 21/22 MP: 4/4
   817 | D:2      | Found an ancient bone altar of Kikubaaqudgha.
   921 | D:2      | Found a faded altar of an unknown god.
   953 | D:2      | Got the Spellbook of Shades and Thunder
  1098 | D:2      | Reached XP level 4. HP: 27/27 MP: 5/5
  2195 | D:4      | Gained mutation: Your magical nature lets you fly swiftly
                  | and evasively. [Tengu growth]
  2195 | D:4      | Reached XP level 5. HP: 32/32 MP: 6/6
  2255 | D:4      | Reached skill level 6 in Ranged Weapons
  2311 | D:4      | HP: 4/32 [iguana (13)]
  2466 | D:4      | Found a radiant altar of Vehumet.
  2468 | D:4      | Found a broken altar of Ashenzari.
  2604 | D:4      | Found a staircase to the Ecumenical Temple.
  2613 | Temple   | Entered the Ecumenical Temple
  2806 | Temple   | Became a worshipper of Hepliaklqana the Forgotten
  3018 | D:4      | Reached XP level 6. HP: 32/37 MP: 7/7
  3479 | D:5      | Entered Level 5 of the Dungeon
  3484 | D:5      | Noticed a black bear
  3486 | D:5      | Noticed Sigmund
  3492 | D:5      | HP: 4/37 [black bear (2)]
  3492 | D:5      | HP: 1/37 [black bear (3)]
  3493 | D:5      | Slain by a black bear

Illustrated notes

Levels and vault maps discovered:
D:1:      dpeg_arrival_tiny_a, layout_loops_cross, minmay_ruptured
D:2:      layout_basic, basic_altar, ebering_ecumenical_altar_box,
          chequers_jeans
D:3:      layout_loops_corners, kennysheep_path_1
D:4:      layout_gridville, mainiacjoe_overflow_catwalk_spiral,
          minmay_temple_entry_trees, minmay_checkerbox
D:5:      layout_layer_cave, ebering_ghost_sewer_f, uniq_sigmund
Temple:   eino_temple_rhombus

Skill      XL: |  1  2  3  4  5  6 |
---------------+-------------------+-----
Ranged Weapons | 5 6 |  6.5
Dodging        | 3 4 |  4.0
Fighting       | 3 |  3.6
Stealth        | |  1.0

Action                   |  1- 3 |  4- 6 || total
-------------------------+-------+-------++-------
 Fire: Shortbow          |    71 |   136 ||   207
  Use: Scroll            |     4 |     5 ||     9
       Potion            |       |     1 ||     1
Armor: Leather armour    |     8 |     8 ||    16
Dodge: Dodged            |    15 |    48 ||    63

Table legend: (Time is in decaauts)
 A = Elapsed time spent in this place.
 B = Non-inter-level travel time spent in this place.
 C = Inter-level travel time spent in this place.
 D = Time resting spent in this place.
 E = Time spent auto-exploring this place.
 F = Levels seen in this place.
 G = Mean time per level.
                   A        B        C        D        E       F      G
               +--------+--------+--------+--------+--------+-----+--------+
         Total |   3455 |   3334 |    121 |    276 |   2545 |   6 |  575.8 |
       Dungeon |   3275 |   3179 |     96 |    276 |   2404 |   5 |  655.0 |
        Temple |    180 |    155 |     25 |      0 |    141 |   1 |  180.0 |
               +--------+--------+--------+--------+--------+-----+--------+

Top non-repeatable levels by time:
     D:3: 945 daAuts
     D:4: 937 daAuts
     D:1: 737 daAuts
     D:2: 639 daAuts
  Temple: 180 daAuts
     D:5: 14 daAuts
